Cogmind - Beta 15 @@@ ROGUE MODE // 2025.08.29 @ 14:19:10 Player: ID-34L Result: Destroyed by Y-45 Defender with Heavy Assault Rifle Performance ------------- Evolutions (1) 500 Regions Visited (2) 400 Robots Destroyed (71) 355 Value Destroyed (1462) 1462 Prototype IDs (4) 80 Alien Tech Used (0) 0 Bonus (0) 0 TOTAL SCORE: 2797 Bonus ------- None Cogmind --------- Core Integrity 0/400 Matter 280/300 Energy 192/250 System Corruption 0% Temperature Cool (49) Movement Treading (160) Location -9/Materials Parts ------- > --- POWER (1) -------- Ion Engine > --- PROPULSION (2) --- Light Treads Light Treads > --- UTILITY (3) ------ Large Storage Unit Targeting Computer ECM Suite > --- WEAPON (3) ------- Spread Laser Spread Laser Katana > --- INVENTORY (15) --- Ion Engine Light Treads Light Treads Light Treads Signal Interpreter ECM Suite Improved Medium Laser Improved Medium Laser Rocket Launcher Rocket Launcher Concussive RPG (1) Concussive RPG (1) Katana Peak State ------------ > --- POWER ------------ Ion Engine > --- PROPULSION ------- Light Treads Light Treads > --- UTILITY ---------- Large Storage Unit ECM Suite Medium Armor Plating > --- WEAPON ----------- Shotgun Shotgun Katana > --- INVENTORY -------- Ion Engine Light Treads Light Treads Light Treads Compact Wheel Compact Wheel Signal Interpreter Targeting Computer Medium Laser Particle Gun Autogun Autogun Shotgun Shotgun Katana [Rating: 16] Favorites ----------- Power Ion Engine Engine Ion Engine Propulsion Light Treads Treads Light Treads Wheel Compact Wheel Utility Large Storage Unit Device ECM Suite Storage Large Storage Unit Processor Targeting Computer Protection Propulsion Shielding Weapon Shotgun Energy Gun Medium Laser Ballistic Gun Shotgun Ballistic Cannon Light Cannon Launcher Grenade Launcher Slashing Weapon Katana Build | -11 -10 -9 ------- Run | Yrd Mat Mat Slots Evolved 2 | . . 2 Power . | . . . Propulsion . | . . . Utility 1 | . . 1 Weapon 1 | . . 1 Parts Attached 39 | 7 8 24 Power 5 | 2 . 3 Engine 5 | 2 . 3 Core . | . . . Reactor . | . . . Propulsion 9 | 2 1 6 Treads 7 | 2 1 4 Leg . | . . . Wheel 2 | . . 2 Hover . | . . . Flight . | . . . Utility 10 | 1 5 4 Device 4 | . 2 2 Storage 3 | 1 2 . Processor 1 | . . 1 Hackware . | . . . Protection 2 | . 1 1 Artifact . | . . . Weapon 15 | 2 2 11 Energy Gun 5 | 1 1 3 Energy Cannon . | . . . Ballistic Gun 7 | 1 . 6 Ballistic Cannon 1 | . . 1 Launcher 1 | . 1 . Special Weapon . | . . . Impact Weapon . | . . . Slashing Weapon 1 | . . 1 Piercing Weapon . | . . . Special Melee Weapon . | . . . Unidentified Prototypes . | . . . Parts Lost 11 | . 1 10 Power 2 | . 1 1 Propulsion 3 | . . 3 Utility 3 | . . 3 Weapon 3 | . . 3 Highest Loss Streak 5 | . 1 5 To Critical Strikes . | . . . Average Backups 10 | 2 8 11 Power . | . . . Propulsion 2 | 1 2 3 Utility 2 | . 3 2 Weapon 3 | . 2 4 Tool/Special . | . . . Unused Backups 12 | . . 12 Power 2 | . . 2 Propulsion 1 | . . 1 Utility 2 | . . 2 Weapon 5 | . . 5 Tool/Special 2 | . . 2 Average Slot Usage (%) 94 | . 95 93 Engine 12 | . 13 10 Treads 22 | . 27 18 Wheel 1 | . . 1 Device 10 | . 7 13 Storage 12 | . 14 11 Processor 2 | . . 4 Protection 2 | . 3 . Energy Gun 3 | . 5 1 Ballistic Gun 18 | . 14 23 Launcher 3 | . 7 . Slashing Weapon 3 | . . 5 Peak Build Rating 16 | 6 8 16 Average Rating 10 | 4 7 13 On Entrance 4 | . 6 8 Naked Turns . | . . . Heaviest Build 42 | 14 31 42 Greatest Support 40 | 40 40 40 Greatest Overweight (x) 11 | . 1 11 Average Overweight (x) . | . . . Largest Inventory Capacity 15 | 8 15 15 Average Capacity 14 | 6 13 15 Most Carried 15 | 5 11 15 Average Carried 10 | 3 8 11 Final Capacity 15 | 8 15 15 Final Carried 13 | 4 11 13 Class Distribution -------------------- 79% | Mutant 14% | Skirmisher 3% | Gunner Dominant Class ---------------- Mutant | -10/Materials Mutant | -9/Materials Resources | -11 -10 -9 ----------- Run | Yrd Mat Mat Matter Collected 1620 | 227 506 887 Remotely . | . . . Salvage Created 2025 | . 547 1478 Parts 135 | . 43 92 Haulers Intercepted 5 | . 2 3 Recyclers Shooed 1 | . . 1 Parts Field Recycled . | . . . Retrieved Matter . | . . . Parts Self-Destructed . | . . . Prevented . | . . . Kills | -11 -10 -9 ------- Run | Yrd Mat Mat Combat Hostiles Destroyed 41 | . 12 29 Melee 3 | . . 3 Guns 26 | . 4 22 AOE 12 | . 8 4 Classes Destroyed 11 | . 9 2 Worker 8 | . 3 5 Builder 3 | . 1 2 Tunneler 2 | . 2 . Hauler 5 | . 2 3 Recycler 6 | . 2 4 Operator 1 | . 1 . Watcher 5 | . 2 3 Swarmer 12 | . 5 7 Grunt 22 | . 7 15 Duelist 2 | . . 2 Sentry 5 | . . 5 Best Kill Streak 7 | . 4 7 Combat Bots Only 4 | . 3 4 Max Kills in Single Turn 3 | . 2 3 Gunslinging 1 | . . 1 Exploded 2 | . 2 2 Melee 1 | . . 1 Uniques/NPCs Destroyed . | . . . Combat | -11 -10 -9 -------- Run | Yrd Mat Mat Hostile Shots Fired 248 | . 47 201 Missed 66 | . 15 51 Hits 182 | . 32 150 Melee 18 | . . 18 Projectile 164 | . 32 132 Critical Strikes 7 | . . 7 Damage Taken 2525 | . 483 2042 Core 518 | . 107 411 Absorbed by Shields . | . . . Redirected to Shielding 14 | . 14 . Regen/Repaired (Parts) 53 | . 53 . Core Remaining (%) 78 | 100 57 . Volleys Fired 117 | . 44 73 Largest 3 | . 2 3 Hottest 130 | . 70 130 Shots Fired 254 | . 78 176 Gun 229 | . 58 171 Cannon . | . . . Launcher 25 | . 20 5 Special . | . . . Kinetic 201 | . 44 157 Thermal 28 | . 14 14 Explosive 25 | . 20 5 Electromagnetic . | . . . Robot Hit Streak 7 | . 6 7 Robot Miss Streak 5 | . 3 5 Penetration Max . | . . . Secondary Targets 6 | . 1 5 Max Gunslinging Chain 1 | . 1 1 Shots Hit Robots 186 | . 34 152 Core Hits 120 | . 38 82 Critical Kills . | . . . Critical Parts Destroyed 4 | . . 4 Critical Strikes 5 | . . 5 Destroy 4 | . . 4 Sever 1 | . . 1 Melee Attacks 27 | . . 27 Impact . | . . . Slashing 27 | . . 27 Piercing . | . . . Sneak Attacks 7 | . . 7 Combat Hostiles . | . . . Follow-up Attacks . | . . . Damage Inflicted 4429 | . 1355 3074 Guns 2247 | . 400 1847 Cannons . | . . . Explosions 1241 | . 947 294 Melee 933 | . . 933 Ramming 8 | . 8 . Kinetic 1931 | . 252 1679 Thermal 331 | . 163 168 Explosive 1211 | . 917 294 Electromagnetic 15 | . 15 . Impact . | . . . Slashing 933 | . . 933 Piercing . | . . . Highest Corruption 4 | . 4 . Average Corruption 1 | . 1 . Corruption Purged . | . . . Corruption Blocked . | . . . Effects 11 | . 11 . Message Errors 2 | . 2 . Matter Fused 3 | . 3 . Heat Flow Errors 3 | . 3 . Parts Rejected 1 | . 1 . Data Loss (minor) 1 | . 1 . Data Loss (major) 1 | . 1 . Overload Shots . | . . . Overflow Damage 81 | . . 81 Projectiles . | . . . Explosions 4 | . . 4 Melee 77 | . . 77 Knockbacks . | . . . Impact . | . . . Kinetic . | . . . Secondary . | . . . Self-Inflicted Damage 168 | . 168 . Shots 7 | . 7 . Rammed 1 | . 1 . Targets Rammed 1 | . 1 . Kicked . | . . . Crushed . | . . . Highest Temperature 155 | . 155 120 Average Temperature 30 | . 39 22 Received Heat Transfer 726 | . 90 636 Siege Activations . | . . . Martial Activations . | . . . Shielding Activations . | . . . Robots Disrupted . | . . . Combat Hostiles . | . . . Robots Corrupted . | . . . Combat Hostiles . | . . . Parts Fried . | . . . Impact Corruptions . | . . . Robots Melted . | . . . Combat Hostiles . | . . . Parts Melted 1 | . 1 . Heat Transferred 789 | . 494 295 Parts Sabotaged . | . . . Parts Stolen . | . . . Parts Stripped . | . . . Power Chain Reactions 1 | . 1 . Alert | -11 -10 -9 ------- Run | Yrd Mat Mat Maximum Alert Level 1 | . 1 1 Low Security (%) 51 | 100 68 33 Level 1 48 | . 31 66 Level 2 . | . . . Level 3 . | . . . Level 4 . | . . . Level 5 . | . . . High Security . | . . . Max Security . | . . . Peak Influence 320 | . 269 320 Initial 89 | . . 89 Average 163 | . 120 211 Influence Increases 1450 | . 602 848 Destroy 0b10 Robot/C 820 | . 240 580 Destroy 0b10 Robot/NC 150 | . 65 85 Destroy Leader 200 | . 68 132 Successful Hack 38 | . 26 12 Disable Machine 105 | . 90 15 Destroy Structure 122 | . 98 24 Lose Combat Pursuer 15 | . 15 . Influence Decreases 1135 | . 391 744 Entered New Map 122 | . . 122 Time Decay 903 | . 381 522 Lost Part 110 | . 10 100 Squads Dispatched 6 | . 2 4 Investigation 3 | . . 3 Extermination . | . . . Reinforcement 3 | . 2 1 Assault . | . . . Garrison . | . . . Intercept . | . . . Searches Triggered . | . . . Construction Impeded . | . . . Haulers Reinforced . | . . . Active Scanning Responses . | . . . Cargo Convoy Interrupts . | . . . Stealth | -11 -10 -9 --------- Run | Yrd Mat Mat Distress Signals 2 | . 1 1 Communications Jammed . | . . . Distress Signals . | . . . Times Spotted 73 | . 24 49 Peak Tracking Total 7 | . 3 7 Tactical Retreats 6 | . 1 5 Traps | -11 -10 -9 ------- Run | Yrd Mat Mat Traps Triggered 6 | . 3 3 Indirectly . | . . . Trap Hack Attempts . | . . . Triggered . | . . . Disarmed . | . . . Reprogrammed . | . . . Reused . | . . . Traps Extracted . | . . . Installed . | . . . Triggered . | . . . Machines | -11 -10 -9 ---------- Run | Yrd Mat Mat Machines Disabled 7 | . 6 1 Max in Single Turn 2 | . 2 1 Machines Repaired . | . . . Machines Dismantled . | . . . Machines Sabotaged . | . . . Overloaded Fab Kills . | . . . Hacking | -11 -10 -9 --------- Run | Yrd Mat Mat Machines Accessed 13 | . 8 5 Terminals 8 | . 6 2 Fabricators . | . . . Repair Stations 1 | . 1 . Recycling Units 3 | . 1 2 Scanalyzers 1 | . . 1 Garrison Access . | . . . Total Hacks 43 | . 24 19 Successful 26 | . 12 14 Failed 17 | . 12 5 Catastrophic 1 | . . 1 Database Lockouts . | . . . Manual . | . . . Terminals 25 | . 19 6 Fabricators . | . . . Repair Stations 2 | . 2 . Recycling Units 5 | . 3 2 Scanalyzers 11 | . . 11 Garrison Access . | . . . Terminal Hacks 9 | . 7 2 Robot Analysis 1 | . 1 . Prototype ID Bank 2 | . 2 . Recycling Unit Index 1 | . 1 . Maintenance Status 1 | . 1 . Transport Status 1 | . 1 . Hauler Manifests 1 | . 1 . Zone Layout 2 | . . 2 Fabricator Hacks . | . . . Repair Station Hacks 2 | . 2 . Scan Component 1 | . 1 . Repair 1 | . 1 . Recycling Unit Hacks 5 | . 3 2 Report Inventory 4 | . 2 2 Retrieve Components 1 | . 1 . Scanalyzer 10 | . . 10 Insert Component 4 | . . 4 Analyze 6 | . . 6 Garrison Access Hacks . | . . . Unauthorized Hacks . | . . . Terminals . | . . . Fabricators . | . . . Repair Stations . | . . . Recycling Units . | . . . Scanalyzers . | . . . Garrison Access . | . . . Data Cores Recovered . | . . . Used . | . . . Hacking Detections 10 | . 6 4 Full Trace Events 7 | . 5 2 Feedback Events 1 | . 1 . Corruption 1 | . 1 . Feedback Blocked . | . . . Robot Schematics Acquired . | . . . Robots Built . | . . . Authchips . | . . . Time . | . . . Total Robot Build Rating . | . . . Part Schematics Acquired 4 | . . 4 Parts Built . | . . . Authchips . | . . . Time . | . . . Total Part Build Rating . | . . . Parts Repaired 1 | . 1 . Time 26 | . 26 . Parts Recycled . | . . . Recycled Matter . | . . . Retrieved Matter . | . . . Retrieved Components 4 | . 4 . Parts Scanalyzed 4 | . . 4 Part Schematics Acquired 4 | . . 4 Parts Damaged . | . . . Bothacking | -11 -10 -9 ------------ Run | Yrd Mat Mat Used RIF Installer . | . . . Robots Hacked . | . . . Non-combat . | . . . Combat . | . . . Robot Hacks Applied . | . . . Relay Couplers Released . | . . . Fabnet Peak Effective % . | . . . Robots Rewired . | . . . Allies Hacked . | . . . Hacks Repelled . | . . . Allies | -11 -10 -9 -------- Run | Yrd Mat Mat Total Allies . | . . . Largest Group . | . . . Highest-Rated Group . | . . . Highest-Rated Ally . | . . . Total Orders . | . . . Ally Attacks . | . . . Total Damage . | . . . Kills . | . . . Allies Corrupted . | . . . Allies Melted . | . . . Intel | -11 -10 -9 ------- Run | Yrd Mat Mat Active Infowar (turns) 1961 | . 658 1303 Sensors 476 | . 476 . Terrain 473 | . . 473 ECM 1485 | . 182 1303 Robot Analysis Total 1 | . 1 . Derelict Logs Recovered . | . . . Drone Launches . | . . . Drone Recoveries . | . . . Exploration | -11 -10 -9 ------------- Run | Yrd Mat Mat Turns Passed 2808 | 82 1284 1442 Spaces Moved 1341 | 43 657 641 Core 11 | 7 . 4 Treads 1242 | 36 657 549 Legs . | . . . Wheels 88 | . . 88 Hover . | . . . Flight . | . . . Fastest Speed 50 | 50 160 100 Average Speed 160 | 142 160 161 Slowest Speed 600 | 160 240 600 Overloaded Moves . | . . . Propulsion Burnouts . | . . . Robots Hopped . | . . . Potential Cave-ins . | . . . Cave-ins Triggered . | . . . Exploration Rate (%) 47 | 4 92 47 Regions Visited 2 Branch Regions . Pre-discovered Areas . | . . . Known Exits Taken . | . . . Unknown Exits Taken 2 | 1 1 . Scrap Searched . | . . . Spaces Dug 10 | . 10 . Terrain Destroyed 132 | . 108 24 Melee . | . . . Projectile . | . . . AOE 132 | . 108 24 Terrain Rammed . | . . . Walls Destroyed . | . . . Machines Disabled . | . . . Actions | -11 -10 -9 --------- Run | Yrd Mat Mat Total 1741 | 64 808 869 Wait 129 | 5 79 45 Move 1339 | 42 656 641 Hop . | . . . Pick Up 62 | 10 15 37 Fast Attach . | . . . Attach 35 | 6 6 23 Detach . | . . . Swap 13 | 1 5 7 Drop 18 | . 2 16 Fire 117 | . 44 73 Melee 27 | . . 27 Ram . | . . . Kick . | . . . Crush 1 | . 1 . Escape Stasis . | . . . Rewire . | . . . Trap . | . . . Miscellaneous . | . . . Route ------- -11/Scrapyard -10/Materials (discovered 4 exits: *Mat x3 / [*Min]) -9/Materials (discovered 3 exits: [*Mat] / [*Min x2]) History --------- Turn | Location | Event 6 | -11/Scrapyard | Discovered new exit (range 15) 83 | -11/Scrapyard | Entered Materials 261 | -10/Materials | Discovered new exit (range 14) 302 | -10/Materials | Build established: Mutant 453 | -10/Materials | Discovered new exit (range 9) 893 | -10/Materials | Discovered new exit (range 13) 935 | -10/Materials | Repaired Grenade Launcher 1296 | -10/Materials | Discovered new exit (range 5) 1367 | -10/Materials | Entered another Materials area 1367 | -9/Materials | Evolved 2 slots: Utility x1, Weapon x1 1838 | -9/Materials | Build established: Skirmisher 1956 | -9/Materials | Discovered new exit (range 16) 2070 | -9/Materials | Core integrity fell below 50% 2110 | -9/Materials | Lost 5 parts (1p1n1u2w) 2207 | -9/Materials | Discovered new exit (range 15) 2320 | -9/Materials | Build established: Mutant 2369 | -9/Materials | Core integrity fell below 20% 2556 | -9/Materials | Discovered new exit (range 11) 2809 | -9/Materials | Destroyed by Y-45 Defender with Heavy Assault Rifle Last Messages --------------- 02762_ S-10 Pest destroyed. 02762_ Switching to secondary target: S-10 Pest. 02763_ Acquired 4 matter. 02765_ S-10 Pest destroyed. 02770_ Acquired 12 matter. 02775_ Dropped Shotgun. 02776_ Dropped Med. Laser. 02776_ Acquired Spread Laser. 02778_ Dropped Particle Gun. 02778_ Acquired Spread Laser. 02784_ O-16 Technician: "IFF HANDSHAKE FAILED. SECURING TERMINAL." 02789_ O-16 Technician uses terminal to summon reinforcements. 02789_ ALERT: Hostiles spotted, dispatching reinforcements to Terminal M006. 02789_ O-16 Technician locks terminal. 02800_ W-16 Scout destroyed. 02800_ K-01 Serf collects debris. 02801_ K-01 Serf destroyed. Map ----- +----------------------------------------------------+ | ###/#############"###########????"????????????? | | +?????????????????? | | % #?????????????????? | | % +?????????????????? | | %% #?????????????????? | | #?????????????????? | | ###+####################+##+#?????????????????? | | #### ???#????????#?????? ?#?????????????????? | | ?#?# """ ????#????????????? ??????????????????? | | #### """ ?####????????????? #?????????????????? | | ## """ ## ? ????"??????#?????????????????? | | ## ## """? ?#??????????????????????????? | | ## """ ## """ #??????????????????????????? | | ## """?? ## """ #??????????????????????????? | | ## ??????## #??? ??????????????????????? | | ## ???????# """ ##?????????????????????????? | | ####???????# """ #??????????????????????????? | | #???#??????# """ #??????????????????????????? | | #??######### = #??#??????"????????????????? | | ###### ##+########?????????????????????????? | | ! **%[ =[ ### ???????????????????? | | <[% =%=]=[=[ + ?????????????????? | | * ! o *[=[[ ### ??????????????????? | | ######" "## [ % T#???????##???????????????? | | #" !"! "## ##### #???????????????? | | """ #"""""""#T u @ #???????????????? | | """ ########## = #???????????????? | | !"""[#????????# =%! Y #???????????????? | | %#????????# #######+## % #???????????????? | | #????????# #??????? ## ##???????????????? | | ] #??????? + #????????#? #????????????????? | | ######?????? # ??????????? ???????????????? | | ?????????? ?# #???????????? ?????????????? | | ?????????? ??#####????????????? ????????????? | | ?????????????????????????????????####????????????? | | ?????????????????????????????????????????????????? | | ?????????????????????????????????????????????????? | | ?????????????????????????????????????????????????? | | ?????????????????????????????????????????????????? | | ?????????????????????????????????????????????????? | | ?????????????????????????????????????????????????? | | ?????????????????????????????????????????????????? | | ?????????????????????????????????????????????????? | | ?????????????????????????????????????????????????? | | ?????????????????????????????????????????????????? | | ?????????????????????????????????????????????????? | | ?????????????????????????????????????????????????? | | ?????????????????????????????????????????????????? | | ?????????????????????????????????????????????????? | | ?????????????????????????????????????????????????? | +----------------------------------------------------+ Best States ------------- Heat Dissipation 28 Energy Generation 10 Energy Capacity 250 Matter Stores 300 Matter Capacity 300 Sight Range 16 Robot Scan Range 14 Terrain Scan Range 16 Terrain Scan Density 10 ECM Strength 1 Armor Coverage 225 Propulsion Shielding 33 Evasion (%) 40 Targeting Accuracy 5 Recoil Reduction 2 Item Schematics ----------------- Shotgun | -9/Materials | Scanalyzed Targeting Computer | -9/Materials | Scanalyzed Med. Armor Plating | -9/Materials | Scanalyzed Lgt. Treads | -9/Materials | Scanalyzed Robot Schematics ------------------ None Fabricated ------------ Nothing Repaired ---------- Grenade Launcher | 11% | -10/Materials Alien Tech Used ----------------- None Achievements -------------- Safety First Challenges ------------ None Game ------ Seed MetaAuthchipMembrane Manual? 0 Play Time 00:28:18 Cumulative 1.7 hours Start 2025.08.29 @ 13:50:52 End 2025.08.29 @ 14:19:10 Sessions 1 Manual Loads 0 Difficulty Rogue Special Mode None Game No. 5 Rogue 5 Adventurer 0 Explorer 0 Win Type - Total 0 Types 0/0/0/0/0/0/0/0/0/0 Lore% 0 Gallery% 3 Achievement% 5 Wizard Run 0 Options --------- Layout 1 ASCII 0 Keyboard 1 Movement Numpad Keybinds 0 Fullscreen 0 Font 20/Terminus Map View 50x35 Zoom Use 0% Tactical HUD 1 Map Filters NONE Filters NONE Steam 1 RUN: cb1db296-2774-463f-a3cc-3a39e878f173